Map: Lerilak Crest

Players

SticklerMac - Winner!

  • Race: Zerg Zerg
  • League: Grandmaster

HiTeK

  • Race: Protoss Protoss
  • League: Bronze

VOD

Have the link to the VOD?

Description

Time

  • Played on: Sept. 19, 2015, 4:59 p.m.
  • Length: 5:00
Show
View Real Time Build Order
Export as new Build Order

SticklerMac Zerg - Winner!

Build Orders: Hatch First 

Get SALT Encoding   

  12  0:01  Drone  
  13  0:08  Drone  
  14  0:22  Overlord  
  14  0:41  Drone x3  
  17  0:57  Hatchery  
  16  1:02  Drone  
  17  1:07  Drone  
  18  1:15  Drone  
  19  1:22  Spawning Pool  
  18  1:25  Extractor  
  18  1:29  Drone  
  18  1:37  Drone  
  19  1:46  Drone  
  20  1:58  Drone  
  21  2:09  Drone x2  
  21  2:15  Queen x2  
  27  2:20  Drone  
  28  2:25  Overlord  
  28  2:29  Metabolic Boost, Overlord  
  28  3:00  Drone x5  
  28  3:05  Zergling x2  
  34  3:17  Zergling x4  
  36  3:22  Drone  
  36  3:23  Drone  
  36  3:25  Evolution Chamber  
  37  3:29  Zergling x10  
  37  3:30  Evolution Chamber, Zergling x6  
  44  3:47  Overlord  
  44  3:48  Overlord  
  44  3:52  Overlord  
  44  4:02  Zergling x2  
  43  4:05  Queen  
  43  4:06  Queen  
  45  4:12  Spore Crawler  
  45  4:13  Spore Crawler  
  39  4:19  Spore Crawler  
  39  4:21  Spore Crawler  
  39  4:22  Zergling x2  
  39  4:23  Zergling x12  
  41  4:24  Zergling x2  
  41  4:29  Drone  
Show
View Real Time Build Order
Export as new Build Order

HiTeK Protoss 

Build Orders: 1 Gate Expand, Oracle Opening 

Get SALT Encoding   

  12  0:00  Probe (Chrono Boost)  
  13  0:15  Pylon  
  13  0:16  Probe (Chrono Boost)  
  14  0:26  Probe (Chrono Boost)  
  15  0:36  Probe (Chrono Boost)  
  15  0:38  Gateway  
  16  0:46  Probe (Chrono Boost)  
  16  0:48  Assimilator  
  17  0:56  Probe (Chrono Boost)  
  18  1:06  Probe (Chrono Boost)  
  18  1:10  Pylon  
  19  1:16  Probe (Chrono Boost)  
  20  1:25  Probe (Chrono Boost)  
  21  1:36  Nexus  
  21  1:48  Cybernetics Core  
  21  1:54  Probe (Chrono Boost)  
  21  1:55  Assimilator  
  22  2:21  Probe (Chrono Boost)  
  23  2:27  Stargate  
  23  2:37  Stalker  
  23  2:42  Pylon  
  25  2:50  Mothership Core (Chrono Boost)  
  26  3:20  Probe x2 (Chrono Boost)  
  26  3:25  Stalker  
  30  3:29  Gateway  
  30  3:32  Gateway  
  30  3:33  Pylon, Oracle (Chrono Boost)  
  30  3:35  Probe (Chrono Boost)  
  34  4:02  Stalker, Pylon  
Tags
 
Add a new tag
Caveats
  • Supply blocks, unpowered buildings, or Contaminate may cause inaccurate times.
  • Supply counts are checked every 10 seconds.